 Dungeon Crawl Stone Soup version 0.31-a0-232-gb1c03b2570 (webtiles) character file.

Game seed: 1744936773101468710

98 qw the Shooter (level 4, -2/26 HPs)
             Began as a Gargoyle Hexslinger on July 7, 2023.
             Slain by a gnoll
             ... wielding a +0 spear
              (6 damage)
             ... on level 3 of the Dungeon.
             The game lasted 00:00:35 (1716 turns).

qw the Shooter (Gargoyle Hexslinger)                Turns: 1716, Time: 00:00:35

Health: -2/26      AC:  6    Str: 12    XL:     4   Next: 71%
Magic:  5/5        EV: 11    Int: 13    God:
Gold:   77         SH:  0    Dex: 14    Spells: 4/5 levels left

rFire   . . .        Y - +2 sling
rCold   . . .        (no shield)
rNeg    + . .        i - +0 leather armour
rPois   inf          (no helmet)
rElec   +            (no cloak)
rCorr   .            (no gloves)
SInv    .            (no boots)
Will    .....        (no amulet)
Stlth   +            (no ring)
HPRegen 0.24/turn    (no ring)
MPRegen 0.09/turn

%: no passive effects
@: about to teleport
A: sickness immunity, AC +3, negative energy resistance 1, electricity
resistance, torment resistance 1, petrification resistance
a: no special abilities


You were on level 3 of the Dungeon.
You visited 1 branch of the dungeon, and saw 3 of its levels.

You collected 77 gold pieces.


Innate Abilities, Weirdness & Mutations

You are immune to sickness and miasma.
Your stone body is resilient. (AC +3)
You are immune to poison.
You resist negative energy. (rN+)
You are resistant to electric shocks. (rElec)
You are resistant to unholy torment.
You are immune to petrification.


   Skills:
 - Level 2.2 Fighting
 + Level 4.3 Ranged Weapons
 - Level 1.5 Dodging
 - Level 1.0 Spellcasting
 - Level 2.6 Hexes


You had 4 spell levels left.
You knew the following spells:

 Your Spells              Type           Power      Damage    Failure   Level
a - Slow                  Hex            28%        N/A       12%         1

Your spell library contained the following spells:

 Spells                   Type           Power      Damage    Failure   Level
 Inner Flame              Hex/Fire       4%         N/A       52%         3
 Portal Projectile        Hex/Tloc       8%         N/A       52%         3
 Cause Fear               Hex            3%         N/A       75%         4

Inventory:

Hand Weapons
 Y - a +2 sling (weapon)
Armour
 i - a +0 leather armour (worn)
Potions
 c - a potion of curing {unknown}
 d - a potion of cancellation {unknown}
 e - a potion of degeneration {unknown}
 h - a potion of haste {unknown}

Dungeon Overview and Level Annotations

Branches:
Dungeon (3/15)

Altars:


Message History

The sling bullet hits the giant cockroach but does no damage.
The giant cockroach is moderately wounded.
The giant cockroach bites you but does no damage.
You shoot a sling bullet.
The sling bullet hits the giant cockroach.
You kill the giant cockroach!
The gnoll barely misses you. The gnoll closely misses you. x2
You shoot a sling bullet.
The sling bullet barely misses the gnoll.
The sling bullet hits the gnoll but does no damage.
The gnoll is moderately wounded.
The gnoll hits you but does no damage. The gnoll closely misses you.
You shoot a sling bullet. The sling bullet hits the gnoll.
The gnoll is moderately wounded.
The gnoll barely misses you.
The gnoll hits you from afar with a +0 spear.
The gnoll hits you but does no damage.
You shoot a sling bullet.
The sling bullet hits the gnoll but does no damage.
The gnoll is moderately wounded.
The gnoll hits you with a +0 flail. The gnoll misses you.
The gnoll hits you but does no damage.
You shoot a sling bullet. The sling bullet hits the gnoll.
The gnoll is heavily wounded.
The gnoll barely misses you.
The gnoll hits you from afar with a +0 spear.
The gnoll completely misses you.
You shoot a sling bullet. The sling bullet hits the gnoll.
The gnoll is almost dead.
The gnoll hits you with a +0 flail. The gnoll closely misses you.
The gnoll hits you but does no damage.
The gnoll hits you from afar with a +0 spear.
The gnoll hits you from afar with a +0 spear!
The gnoll hits you with a +0 flail.
1716 ||| READING scroll of teleportation.
As you read the scroll of teleportation, it crumbles to dust.
You feel strangely unstable. The gnoll closely misses you.
The gnoll hits you from afar with a +0 spear.
You die...

## .. . . ... ..##. #.#
..... #.# ...... #.#
#...$g##.## # #.g%g..#
###. .. #. #@..##....
##.##.###.....####
#~..#.....##....<#######.
~....#..#....###.........
~~.~.......### ####......
~~~~~~....## #...####.
...........######%###
#.....).(........#
#.....)..........#


You could see 3 gnolls.

Vanquished Creatures
  A gnoll (D:1)
  4 adders
  3 dart slugs
  5 endoplasms
  3 giant cockroaches
  7 goblins
  4 hobgoblins (D:2)
  2 quokkas
  3 ball pythons
  5 bats
  2 frilled lizards (D:2)
  3 kobolds
  2 rats
44 creatures vanquished.

Notes
Turn   | Place    | Note
-------+----------+-------------------------------------------
     0 | D:1      | qw the Gargoyle Hexslinger began the quest for the Orb.
     0 | D:1      | Reached XP level 1. HP: 12/12 MP: 2/2
     0 | D:1      | 0 ||| qw: Version: 0.3-a-46-gb1f654a
     0 | D:1      | 0 ||| qw: Game counter: 2658
     0 | D:1      | 0 ||| qw: Melee chars always use a shield: true
     0 | D:1      | 0 ||| qw: God list: Okawaru
     0 | D:1      | 0 ||| qw: Allow faded altars: false
     0 | D:1      | 0 ||| qw: Do Orc after clearing Dungeon:15 true
     0 | D:1      | 0 ||| qw: Do second Lair branch before Depths: true
     0 | D:1      | 0 ||| qw: Lair rune preference: random
     0 | D:1      | 0 ||| qw: Goals: Normal
     0 | D:1      | 0 ||| PLANNING D:1-11
    99 | D:1      | Reached XP level 2. HP: 15/16 MP: 3/3
   413 | D:1      | Reached skill level 3 in Ranged Weapons
   834 | D:1      | HP: 4/16 [gnoll/+0 whip (4)]
   834 | D:1      | HP: 1/16 [gnoll/+0 whip (3)]
   836 | D:1      | Reached XP level 3. HP: 1/21 MP: 4/4
   989 | D:1      | 989 ||| UPGRADING to +0 leather armour.
   999 | D:1      | 999 ||| DROPPING +0 robe.
  1000 | D:1      | 1000 ||| READING scroll labelled SIGHUPT NEON.
  1001 | D:1      | 1001 ||| READING scroll labelled VYVOR QYEHOM.
  1002 | D:1      | 1002 ||| DROPPING scroll of poison.
  1227 | D:2      | Reached XP level 4. HP: 25/26 MP: 5/5
  1305 | D:2      | Reached skill level 4 in Ranged Weapons
  1645 | D:2      | 1645 ||| READING 2 scrolls labelled LISHROISOOJ.
  1650 | D:2      | 1650 ||| READING scroll labelled KIDAR ISOTUSUR.
  1651 | D:2      | 1651 ||| READING scroll labelled VAPHIAH JINEI.
  1715 | D:3      | HP: 5/26 [gnoll/+0 spear (8)]
  1716 | D:3      | 1716 ||| READING scroll of teleportation.
  1716 | D:3      | Slain by a gnoll

Levels and vault maps discovered:
D:1:      dpeg_arrival_short_road, layout_basic, amethyst_killhole,
          minmay_crystal_room, minmay_misc_feat_pillars, columned_hall_lemuel
D:2:      layout_rooms
D:3:      layout_rooms, lightli_temple_of_fire, chequers_serial_rivers_micro_e,
          serial_bayou_pond_d, minmay_pentangle, uniq_jessica

Skill      XL: |  1  2  3  4 |
---------------+-------------+-----
Ranged Weapons | 3 4 |  4.3
Fighting       | 2 |  2.2
Dodging        | |  1.5
Spellcasting   | |  1.0
Hexes          | |  2.6

Action                     |  1- 3 |  4- 6 || total
---------------------------+-------+-------++-------
   Fire: Sling             |    79 |    64 ||   143
    Use: Scroll            |     2 |     4 ||     6
 Armour: Robe              |     2 |       ||     2
         Leather armour    |     4 |    21 ||    25
  Dodge: Dodged            |    21 |    26 ||    47

Table legend:
 A = Non-vault XP
 B = Vault XP
 C = Vault XP percentage of total XP
 D = Non-vault monster count
 E = Vault monster count
 F = Vault count percentage of total count
                 A         B        C        D         E       F
            +---------+---------+-------+---------+---------+-------
      Total |     141 |       0 |   0.0 |      44 |       0 |   0.0
            +---------+---------+-------+---------+---------+-------
        D:1 |      40 |       0 |   0.0 |      14 |       0 |   0.0
        D:2 |      84 |       0 |   0.0 |      27 |       0 |   0.0
        D:3 |      17 |       0 |   0.0 |       3 |       0 |   0.0
            +---------+---------+-------+---------+---------+-------
